[Event "Blitz tournament"]
[Site "Biel, Switzerland"]
[Date "2021.07.31"]
[Round "1.1"]
[White "Alekseenko, Kirill"]
[Black "Kamsky, Gata"]
[Result "1/2-1/2"]
[ECO "D00"]
[WhiteElo "2580"]
[BlackElo "2644"]
[PlyCount "43"]
[EventDate "2021.??.??"]
[EventType "blitz"]
[TimeControl "3+2"]

1. d4 g6 2. Nc3 d5 3. Bf4 Nf6 4. e3 c6 5. Nf3 Bg4 6. Be2 Bxf3 7. Bxf3 Bg7 8.
Qd2 Nbd7 9. O-O O-O 10. Rad1 Re8 11. e4 dxe4 12. Nxe4 Nxe4 13. Bxe4 e5 14. dxe5 Nxe5 15. Qb4 Qb6 16. Qb3 Qxb3 17. axb3 f5 18.
Bxe5 Bxe5 19. Bf3 Rad8 20. c3 Kf7 21. g3 Bf6 22. Rxd8 1/2-1/2

[Event "Blitz tournament"]
[Site "Biel, Switzerland"]
[Date "2021.07.31"]
[Round "1.4"]
[White "Keymer, Vincent"]
[Black "Nihal, Sarin"]
[Result "0-1"]
[ECO "A40"]
[WhiteElo "2474"]
[BlackElo "2658"]
[PlyCount "122"]
[EventDate "2021.??.??"]
[EventType "blitz"]
[TimeControl "3+2"]
[WhiteClock "0:00:06"]
[BlackClock "0:00:09"]

1. Nf3 b6 2. d4 Bb7 3. c4 e6 4. g3 Bb4+ 5. Bd2 Bxf3 6.
exf3 Bxd2+ 7. Qxd2 Ne7 8. Nc3 c6 9. d5 cxd5 10. cxd5 Nxd5 11.
Nxd5 exd5 12. O-O-O O-O 13. Qxd5 Nc6 14. Kb1 Qf6 15. f4 Rac8 16. a3 Na5 17. Bd3 g6 18. Rhe1 Rfd8 19. Qe5 Kg7 20. h4 Nc6 21. Qxf6+ Kxf6 22. Ba6 Rc7 23. Rd6+ Kg7 24. Bb5 Na5 25. Rc1 Rxc1+ 26. Kxc1 Nb3+ 27. Kd1 Nc5 28. Rd4 d6 29. Bc4 Kf6 30. Bd5 Rd7 31. Rc4 Nd3 32. Kd2 Nxf2 33. Bf3 h5 34. Rc8 d5 35. Ke3 Ng4+ 36. Kd4 Nh6 37. Rc6+ Ke7 38. Ke3 Nf5+ 39. Kf2 Nd4 40. Rc3 Nxf3 41. Kxf3 d4 42. Rd3 Ke6 43. Ke2 Kd5 44. Rd1 Re7+ 45. Kd2 Re3 46. Rc1 Rxg3 47. Rc7 f5 48. Rxa7 Ke4 49. Re7+ Kxf4 50. Re6 Rg2+ 51. Kd3 Rxb2 52. Rxg6 Rb3+ 53. Kxd4 Rxa3 54.
Rxb6 Rh3 55. Rb1 Rxh4 56. Rf1+ Kg3+ 57. Ke3 Re4+ 58. Kd3 Re5 59. Kd4 Ra5 60. Ke3 f4+ 61. Ke4 Ra4+ 0-1

[Event "Blitz tournament"]
[Site "Biel, Switzerland"]
[Date "2021.07.31"]
[Round "2.1"]
[White "Kamsky, Gata"]
[Black "Nihal, Sarin"]
[Result "1/2-1/2"]
[ECO "B13"]
[WhiteElo "2644"]
[BlackElo "2658"]
[PlyCount "65"]
[EventDate "2021.??.??"]
[EventType "blitz"]
[TimeControl "3+2"]
[WhiteClock "0:00:12"]
[BlackClock "0:00:07"]

1. d4 d5 2. Bf4 c5 3. e3 Nc6 4. c3 cxd4 5. exd4 Bf5 6. Nd2 e6 7. Qb3 Bd6 8.
Bxd6 Qxd6 9. Ngf3 Rb8 10. Be2 Nf6 11. O-O O-O 12. a4 Qc7 13.
Rfe1 a6 14. Qa3 Ne4 15. Nxe4 Bxe4 16. Nd2 Bg6 17. a5 e5 18. dxe5 Nxe5 19. Nb3 Rfe8 20. Qc5 Qd7 21. Nd4 Rbc8 22. Qb6 Bd3 23. Bf3 Nc4 24. Qb4 Ne5 25. Re3 Nc6 26. Rxe8+ Rxe8 27. Nxc6 Qxc6 28. h3 h6 29. Rd1 Be4 30. Bxe4 Rxe4 31. Qb6 Qxb6 32. axb6 Re6 33. Rxd5 1/2-1/2

[Event "Blitz tournament"]
[Site "Biel, Switzerland"]
[Date "2021.07.31"]
[Round "2.4"]
[White "Alekseenko, Kirill"]
[Black "Studer, Noël"]
[Result "1-0"]
[ECO "D00"]
[WhiteElo "2580"]
[BlackElo "2451"]
[PlyCount "61"]
[EventDate "2021.??.??"]
[EventType "blitz"]
[TimeControl "3+2"]
[WhiteClock "0:00:31"]
[BlackClock "0:00:08"]

1. d4 Nf6 2. Nc3 d5 3. Bf4 e6 4. Nb5 Na6 5. e3 Be7 6. Nf3 O-O 7. Be2 c6 8. Nc3 c5 9. Nb5 Bd7 10. O-O Qb6 11. a4 c4 12. Ne5 Be8 13.
c3 Bxb5 14. axb5 Nc7 15. Bg5 Rfd8 16. Bh5 g6 17. Qf3 Nce8 18. Bg4 Qxb5 19. h4 Qb6 20. h5 Qc7 21. hxg6 hxg6 22. g3 Kg7 23. Qf4 Bd6 24. Kg2 Nxg4 25. Qxg4 Nf6 26. Qh4 Nh5 27. Bxd8 Rxd8 28. g4 Be7 29. Qh2 Nf6 30. Rh1 Rg8 31. Qh6# 1-0

[Event "Blitz tournament"]
[Site "Biel, Switzerland"]
[Date "2021.07.31"]
[Round "3.1"]
[White "Studer, Noël"]
[Black "Kamsky, Gata"]
[Result "1-0"]
[ECO "D10"]
[WhiteElo "2451"]
[BlackElo "2644"]
[PlyCount "67"]
[EventDate "2021.??.??"]
[EventType "blitz"]
[TimeControl "3+2"]
[WhiteClock "0:00:06"]
[BlackClock "0:00:10"]

1. d4 d5 2. c4 c6 3. cxd5 cxd5 4. Bf4 e6 5. e3 Bd6 6. Bxd6 Qxd6 7. Nc3 Nc6 8. Bd3 Nge7 9. f4 O-O 10. Nf3 f6 11. O-O Bd7 12. Qe1 Be8 13.
Qh4 Bg6 14. Bxg6 Nxg6 15. Qh5 Rac8 16. Rae1 Na5 17. f5 exf5 18. Qxf5 Ne7 19. Qd3 Qd7 20. Nd2 Nc4 21. Nxc4 dxc4 22. Qd2 b5 23. Ne4 Qd5 24. Nc3 Qd7 25. Ne4 f5 26. Ng5 Nd5 27. Nf3 b4 28.
Ne5 Qd6 29. Qc2 Qe6 30. Qa4 a6 31. Nd7 Rfe8 32. Nc5 Qh6 33.
Rf3 c3 34. Qb3 1-0

[Event "Blitz tournament"]
[Site "Biel, Switzerland"]
[Date "2021.07.31"]
[Round "3.2"]
[White "Lagarde, Maxime"]
[Black "Alekseenko, Kirill"]
[Result "1-0"]
[ECO "A21"]
[WhiteElo "2630"]
[BlackElo "2580"]
[PlyCount "131"]
[EventDate "2021.??.??"]
[EventType "blitz"]
[TimeControl "3+2"]
[WhiteClock "0:00:06"]
[BlackClock "0:00:07"]

1. c4 e5 2. Nc3 d6 3. Nf3 f5 4. d4 e4 5. Ng5 Be7 6. h4 Nf6 7. Bf4 c6 8. e3 Na6 9. Be2 Nc7 10. Bg3 a6 11. Qb3 O-O 12. c5+ d5 13. Na4 h6 14. Nh3 Be6 15.
Nb6 Rb8 16. Nf4 Bf7 17. h5 Nd7 18. a4 Nxb6 19. cxb6 Ne8 20. Ng6 Bxg6 21. Bxb8 Qxb8 22. hxg6 a5 23. g3 Bb4+ 24. Kf1 Qd8 25. Kg1 Nf6 26. Rh4 Qxb6 27. Kg2 Qd8 28. Rah1 Qe8 29. Bh5 b6 30. Qd1 c5 31. b3 Qe6 32. dxc5 bxc5 33. Be2 Rd8 34.
Qc2 Kf8 35. Rd1 Qe5 36. Bb5 Qe6 37. Qe2 Ng4 38. Ba6 Rd6 39.
Bb7 Ne5 40. Qb5 Nxg6 41. Rh5 Ne7 42. Ba8 Kf7 43. Rhh1 d4 44.
exd4 cxd4 45. g4 Qg6 46. f3 Kg8 47. Qc4+ Kh7 48. Rdf1 d3 49.
Kh3 fxg4+ 50. fxg4 Re6 51. Rf4 e3 52. Re4 Rf6 53. Rxe7 Qg5 54.
Be4+ Rg6 55. Qe6 e2 56. Bxg6+ Qxg6 57. Qxg6+ Kxg6 58. Re3 Kg5 59. Rxd3 e1=Q 60. Rxe1 Bxe1 61. Rd5+ Kf4 62. Rf5+ Ke4 63. Rf7 Bc3 64. Rc7 Bd2 65. Kh4 g6 66. Rc6 1-0

[Event "Blitz tournament"]
[Site "Biel, Switzerland"]
[Date "2021.07.31"]
[Round "4.1"]
[White "Kamsky, Gata"]
[Black "Gelfand, Boris"]
[Result "1/2-1/2"]
[ECO "B20"]
[WhiteElo "2644"]
[BlackElo "2691"]
[PlyCount "75"]
[EventDate "2021.??.??"]
[EventType "blitz"]
[TimeControl "3+2"]
[WhiteClock "0:00:39"]
[BlackClock "0:00:25"]

1. e4 c5 2. Nc3 Nc6 3. Bc4 e6 4. a3 Nf6 5. d3 d5 6. Bb5 Be7 7. Bxc6+ bxc6 8. Nf3 O-O 9. O-O Nd7 10. Ne2 e5 11. Ng3 f6 12. c4 Rf7 13. Qa4 Nb6 14. Qc2 Bg4 15. Nd2 a5 16. Re1 Qc8 17. a4 Be6 18.
b3 Nd7 19. Ndf1 d4 20. f4 exf4 21. Bxf4 g6 22. h3 Qf8 23. Nh2 Bd6 24. Rf1 Ne5 25. Rf2 Rb8 26. Raf1 Rfb7 27. Nf3 Nxf3+ 28. Rxf3 Rxb3 29. e5 Rb2 30. Qc1 fxe5 31. Bxe5 Qxf3 32. gxf3 Bxe5 33. Qe1 Bxg3 34. Qxe6+ Kg7 35. Qe7+ Kg8 36. Qe6+ Kg7 37. Qe7+ Kg8 38. Qe6+ 1/2-1/2

[Event "Blitz tournament"]
[Site "Biel, Switzerland"]
[Date "2021.07.31"]
[Round "4.3"]
[White "Alekseenko, Kirill"]
[Black "Keymer, Vincent"]
[Result "1-0"]
[ECO "B10"]
[WhiteElo "2580"]
[BlackElo "2474"]
[PlyCount "86"]
[EventDate "2021.??.??"]
[EventType "blitz"]
[TimeControl "3+2"]
[WhiteClock "0:00:05"]
[BlackClock "0:00:04"]

1. e4 c6 2. Nf3 d5 3. d3 dxe4 4. dxe4 Qxd1+ 5. Kxd1 Nd7 6. Ne1 e5 7. Bc4 f5 8. exf5 Nc5 9. Nd3 e4 10. Nxc5 Bxc5 11. Be3 Bxe3 12. fxe3 Bxf5 13. h3 Nf6 14. g4 Bg6 15. Ke2 h5 16. g5 Nd7 17. Nd2 Ne5 18. Raf1 Rd8 19. Bb3 h4 20. Rh2 Ke7 21. Rf4 Rxd2+ 22. Kxd2 Nf3+ 23. Rxf3 exf3 24. e4 Rd8+ 25. Ke3 Bh5 26. c3 a5 27. a4 b6 28. Rf2 Rd7 29. Rf1 b5 30. axb5 cxb5 31. Bd1 Bf7 32. Bxf3 Be6 33. Be2 b4 34. cxb4 axb4 35. Rf4 Bxh3 36. Rxh4 Be6 37. Rh8 Rc7 38. Rb8 b3 39. Bd3 Rc1 40. e5 Rg1 41. g6 Bd5 42. Kd4 Be6 43.
Rb7+ Kf8 1-0

[Event "Blitz tournament"]
[Site "Biel, Switzerland"]
[Date "2021.07.31"]
[Round "4.4"]
[White "Studer, Noël"]
[Black "Lagarde, Maxime"]
[Result "1-0"]
[ECO "E90"]
[WhiteElo "2451"]
[BlackElo "2630"]
[PlyCount "113"]
[EventDate "2021.??.??"]
[EventType "blitz"]
[TimeControl "3+2"]
[WhiteClock "0:00:09"]
[BlackClock "0:00:04"]

1. d4 Nf6 2. c4 c5 3. d5 g6 4. Nc3 Bg7 5. e4 O-O 6. Nf3 d6 7. h3 e6 8. Bd3 Nbd7 9. O-O e5 10. Bg5 h6 11. Be3 Nh7 12. Qd2 f5 13. exf5 gxf5 14. Bxh6 e4 15. Nxe4 fxe4 16. Bxe4 Qf6 17. Bxg7 Qxg7 18. Rae1 Ndf6 19. Kh2 Nxe4 20. Rxe4 Bf5 21. Rf4 Rf6 22. Re1 Raf8 23. Nh4 Bd7 24. Rxf6 Qxf6 25. Nf3 Kh8 26. Re4 Rg8 27. Rf4 Qe7 28. Rh4 Rg7 29. Qf4 Kg8 30. Rh6 Rf7 31. Qxd6 Qxd6+ 32. Rxd6 Re7 33. a3 b6 34. b4 Nf8 35. bxc5 bxc5 36. Ra6 Re2 37. Kg3 Rc2 38. Ne5 Bf5 39. Rxa7 Ng6 40. Nxg6 Bxg6 41. d6 Rd2 42. Rc7 Rxd6 43. Rxc5 Rd3+ 44. Kf4 Rxa3 45. Rc7 Ra2 46. Kg3 Bf7 47. c5 Rc2 48. f3 Bc4 49. c6 Bd5 50. Rd7 Bxc6 51. Rc7 Kf8 52. h4 Ke8 53. h5 Kd8 54. Rg7 Bb5 55. h6 Bf1 56. h7 Rxg2+ 57.
Kf4 1-0

[Event "Blitz tournament"]
[Site "Biel, Switzerland"]
[Date "2021.07.31"]
[Round "5.1"]
[White "Lagarde, Maxime"]
[Black "Kamsky, Gata"]
[Result "1-0"]
[ECO "B00"]
[WhiteElo "2630"]
[BlackElo "2644"]
[PlyCount "67"]
[EventDate "2021.??.??"]
[EventType "blitz"]
[TimeControl "3+2"]
[WhiteClock "0:00:29"]
[BlackClock "0:00:09"]

1. e4 b6 2. d4 Bb7 3. Nc3 e6 4. Bd3 d6 5. f4 Qh4+ 6. g3 Qe7 7. Qe2 g6 8. h4 h5 9. Nf3 Bg7 10. Be3 Nf6 11. O-O-O Ng4 12. Kb1 Nd7 13. e5 Nxe3 14. Qxe3 d5 15. Nb5 Nf8 16. Ng5 a6 17. Nc3 c5 18. Be2 O-O-O 19. Na4 Nd7 20. dxc5 bxc5 21. c4 d4 22. Qa3 Bh6 23. Bf3 Bxg5 24. Bxb7+ Kxb7 25. hxg5 Rhe8 26. Rd3 Ka7 27. Rhd1 Rb8 28. Nc3 Rb6 29. Nb5+ Kb8 30. Nd6 Rd8 31. Rb3 Ka7 32. Rxb6 Nxb6 33. Qxc5 Qd7 34. Rxd4 1-0

[Event "Blitz tournament"]
[Site "Biel, Switzerland"]
[Date "2021.07.31"]
[Round "5.2"]
[White "Keymer, Vincent"]
[Black "Studer, Noël"]
[Result "1-0"]
[ECO "A17"]
[WhiteElo "2474"]
[BlackElo "2451"]
[PlyCount "93"]
[EventDate "2021.??.??"]
[EventType "blitz"]
[TimeControl "3+2"]
[WhiteClock "0:00:06"]
[BlackClock "0:00:03"]

1. Nf3 d5 2. e3 Nf6 3. c4 e6 4. Nc3 c5 5. cxd5 exd5 6. Bb5+ Nbd7 7. O-O a6 8. Be2 Nb8 9. d4 Nc6 10. b3 Bg4 11. Bb2 Bxf3 12. Bxf3 cxd4 13. exd4 Be7 14. Qd3 O-O 15. Rad1 Qa5 16. a3 Rad8 17. b4 Qc7 18.
Rfe1 Bd6 19. g3 Ne7 20. Na4 h5 21. Rc1 Qb8 22. Nc5 h4 23.
Bg2 Ng6 24. Rc2 Rc8 25. Rce2 Qa7 26. Bh3 Ra8 27. Ne6 Rfe8 28. Ng5 Rxe2 29. Rxe2 hxg3 30. hxg3 Nf8 31. Nf3 a5 32. b5 a4 33. Ne5 Qb6 34. Re3 Ra5 35. Bf1 Ra8 36. Rf3 Rc8 37. Qf5 Qd8 38.
Bd3 Rc7 39. g4 Bxe5 40. dxe5 N6h7 41. Rh3 g6 42. Qf4 Qg5 43. Qh2 Rc8 44. f4 Qxg4+ 45. Qg3 Qd1+ 46. Kg2 Qb1 47. Bxb1 1-0

[Event "Blitz tournament"]
[Site "Biel, Switzerland"]
[Date "2021.07.31"]
[Round "5.3"]
[White "Nihal, Sarin"]
[Black "Alekseenko, Kirill"]
[Result "0-1"]
[ECO "A13"]
[WhiteElo "2658"]
[BlackElo "2580"]
[PlyCount "70"]
[EventDate "2021.??.??"]
[EventType "blitz"]
[TimeControl "3+2"]
[WhiteClock "0:00:03"]
[BlackClock "0:00:04"]

1. Nf3 d5 2. e3 Nf6 3. c4 e6 4. b3 b6 5. Bb2 Bd6 6. Nc3 a6 7. cxd5 exd5 8. g3 O-O 9. Bg2 Bb7 10. O-O Nbd7 11. Rc1 Re8 12. Ne2 Rc8 13. Ned4 c5 14. Nf5 Bf8 15. N3h4 g6 16. Qf3 Ne4 17. Qf4 gxf5 18. d3 Ng5 19. Nxf5 Ne6 20. Qg4+ Qg5 21. Qh3 Qg6 22. f4 Bg7 23. Nxg7 Nxg7 24. Qxd7 Bc6 25. Qa7 Qxd3 26. Qxb6 Qxe3+ 27. Kh1 Bb5 28. Bxd5 Ne6 29. Rfe1 Qf2 30. Be5 Rcd8 31. Bxe6 fxe6 32. Qc7 Rd7 33. Qxc5 Qf3+ 34. Kg1 Rd2 35. Rc2 Qg2# 0-1

[Event "Blitz tournament"]
[Site "Biel, Switzerland"]
[Date "2021.07.31"]
[Round "6.1"]
[White "Keymer, Vincent"]
[Black "Kamsky, Gata"]
[Result "1/2-1/2"]
[ECO "D94"]
[WhiteElo "2474"]
[BlackElo "2644"]
[PlyCount "81"]
[EventDate "2021.??.??"]
[EventType "blitz"]
[TimeControl "3+2"]
[WhiteClock "0:00:09"]
[BlackClock "0:00:56"]

1. Nf3 Nf6 2. c4 c6 3. Nc3 d5 4. e3 g6 5. d4 Bg7 6. Be2 O-O 7. O-O a6 8. a4 a5 9. cxd5 cxd5 10. b3 Nc6 11. Ba3 Bg4 12. h3 Bxf3 13.
Bxf3 Re8 14. Rc1 e6 15. Be2 Bf8 16. Bb2 Qb6 17. Bb5 Rec8 18.
Qf3 Be7 19. Rfd1 Nb4 20. g4 Qd8 21. Bf1 Rc6 22. Nb5 Rac8 23.
Na7 Rxc1 24. Rxc1 Rxc1 25. Bxc1 Qc7 26. Qd1 Ne4 27. Nb5 Qc2 28. Qxc2 Nxc2 29. f3 Nd6 30. Nxd6 Bxd6 31. Be2 f5 32. Kf2 Kf7 33. Bd1 Nb4 34. Bd2 b6 35. Be2 Kf6 36. Bb5 g5 37. f4 h6 38. Be2 gxf4 39. exf4 Nc2 40. Be3 Nxe3 41. Kxe3 1/2-1/2

[Event "Blitz tournament"]
[Site "Biel, Switzerland"]
[Date "2021.07.31"]
[Round "6.2"]
[White "Nihal, Sarin"]
[Black "Lagarde, Maxime"]
[Result "1-0"]
[ECO "A01"]
[WhiteElo "2658"]
[BlackElo "2630"]
[PlyCount "102"]
[EventDate "2021.??.??"]
[EventType "blitz"]
[TimeControl "3+2"]
[WhiteClock "0:00:06"]
[BlackClock "0:00:05"]

1. b3 e5 2. Bb2 Nc6 3. c4 g6 4. e3 Bg7 5. Nf3 d6 6. Nc3 Nge7 7. d3 O-O 8. Be2 h6 9. O-O g5 10. Nd2 f5 11. a3 Be6 12. b4 Qd7 13.
Rc1 Rae8 14. Bh5 Bf7 15. Bxf7+ Rxf7 16. Nd5 Nxd5 17. cxd5 Ne7 18. e4 g4 19. Rc2 Ng6 20. Bc1 f4 21. f3 h5 22. Nb3 c6 23. dxc6 bxc6 24. Na5 Rc8 25. Kh1 Bf6 26. Bb2 Bd8 27. d4 Bxa5 28. bxa5 Qe6 29. Qd3 Rb7 30. Ba1 Qb3 31. Rc3 Qb5 32. Rc4 Kh7 33. a4 Qb3 34. Qe2 g3 35.
dxe5 dxe5 36. Rc5 Qb4 37. Rcc1 Qxa4 38. hxg3 fxg3 39. f4 Kg8 40. f5 Nf4 41. Qf3 Qb3 42.
Bxe5 Qxf3 43. Rxf3 Ne2 44.
Re1 Re8 45. Bxg3 Rxe4 46. Kh2 Rb2 47. Bf2 Kf7 48. Rd1 Nc3 49.
Rd7+ Ke8 50. Rxa7 Nd5 51. f6 Nxf6 1-0

[Event "Blitz tournament"]
[Site "Biel, Switzerland"]
[Date "2021.07.31"]
[Round "6.3"]
[White "Gelfand, Boris"]
[Black "Studer, Noël"]
[Result "1-0"]
[ECO "E04"]
[WhiteElo "2691"]
[BlackElo "2451"]
[PlyCount "101"]
[EventDate "2021.??.??"]
[EventType "blitz"]
[TimeControl "3+2"]
[WhiteClock "0:00:09"]
[BlackClock "0:00:03"]

1. d4 Nf6 2. c4 e6 3. Nf3 d5 4. g3 dxc4 5. Bg2 a6 6. O-O Nc6 7. Qd2 Rb8 8.
Ne5 Nxe5 9. dxe5 Nd5 10. Qc2 Nb6 11. Rd1 Bd7 12. Be3 Qc8 13.
Nd2 Ba4 14. b3 cxb3 15. axb3 Bb5 16. Ne4 Nd5 17. Bc5 Bxc5 18. Qxc5 b6 19. Qc2 h6 20. Rd4 O-O 21. Qd2 c5 22. Nd6 Qd8 23. Rg4 f5 24. Bxd5 fxg4 25. Bxe6+ Kh8 26. Bxg4 Qe7 27. f4 Rbd8 28. Bf3 Qe6 29. Qd5 Qg6 30. Kf2 Rd7 31. Be4 Qh5 32. h4 Qxe2+ 33. Kg1 Qe3+ 34. Kh2 Rc7 35. Qd1 Bc6 36. Bxc6 Rxc6 37. Rxa6 Qf2+ 38. Kh3 Rc7 39. Ra1 Rd7 40. Qd5 b5 41. h5 Qe2 42. Kh4 Qh2+ 43. Kg4 Qe2+ 44. Qf3 Qb2 45. Ra8 Rxa8 46. Qxa8+ Kh7 47. Qe4+ Kh8 48. e6 Re7 49. Nf7+ Rxf7 50. exf7 Qf6 51. Qe8+ 1-0

[Event "Blitz tournament"]
[Site "Biel, Switzerland"]
[Date "2021.07.31"]
[Round "7.2"]
[White "Alekseenko, Kirill"]
[Black "Gelfand, Boris"]
[Result "1-0"]
[ECO "B30"]
[WhiteElo "2580"]
[BlackElo "2691"]
[PlyCount "55"]
[EventDate "2021.??.??"]
[EventType "blitz"]
[TimeControl "3+2"]
[WhiteClock "0:00:36"]
[BlackClock "0:00:34"]

1. e4 c5 2. Nc3 Nc6 3. Bb5 Nd4 4. Nf3 e6 5. O-O a6 6. Bd3 Nc6 7. Be2 Nd4 8. a3 Ne7 9. b4 Nec6 10. Bb2 cxb4 11. axb4 Bxb4 12. Nxd4 Nxd4 13. Na4 Nxe2+ 14. Qxe2 O-O 15. Qg4 e5 16. Bxe5 f6 17. Bd4 d5 18. Qf3 dxe4 19. Qb3+ Rf7 20. Qxb4 Bg4 21. d3 exd3 22. cxd3 b5 23. Nb6 a5 24. Qxb5 Rb8
25. Be3 Be2 26. Rfc1 Bxd3 27. Qxa5 Rfb7 28. Rd1 1-0

[Event "Blitz tournament"]
[Site "Biel, Switzerland"]
[Date "2021.07.31"]
[Round "7.3"]
[White "Studer, Noël"]
[Black "Nihal, Sarin"]
[Result "0-1"]
[ECO "E05"]
[WhiteElo "2451"]
[BlackElo "2658"]
[PlyCount "50"]
[EventDate "2021.??.??"]
[EventType "blitz"]
[TimeControl "3+2"]
[WhiteClock "0:00:55"]
[BlackClock "0:01:58"]

1. d4 Nf6 2. c4 e6 3. Nf3 d5 4. g3 Be7 5. Bg2 O-O 6. O-O dxc4 7. Qc2 b5 8. a4 b4 9. Nfd2 Nd5 10. Nxc4 c5 11. dxc5 Ba6 12. Ne3 Nd7 13. Nxd5 exd5 14. c6 Rc8 15. Bf4 Nc5 16. Rd1 d4 17. Nd2 Bxe2 18. Nb3 d3 19. Qc4 Nxb3 20. Qxb3 Bc5 21. Rd2 Re8 22. Bd5 Qf6 23. Qc4 Rxc6 24. Bxc6 Qxc6 25. Rc1 Bf1 0-1

[Event "Blitz tournament"]
[Site "Biel, Switzerland"]
[Date "2021.07.31"]
[Round "7.4"]
[White "Lagarde, Maxime"]
[Black "Keymer, Vincent"]
[Result "1/2-1/2"]
[ECO "A28"]
[WhiteElo "2630"]
[BlackElo "2474"]
[PlyCount "137"]
[EventDate "2021.??.??"]
[EventType "blitz"]
[TimeControl "3+2"]
[WhiteClock "0:00:12"]
[BlackClock "0:00:07"]

1. c4 Nf6 2. Nc3 e5 3. Nf3 Nc6 4. e3 Bb4 5. Qc2 Bxc3 6. bxc3 O-O 7. e4 d6 8. g3 h6 9. Bg2 Be6 10. d3 Qd7 11. O-O Ne7 12. Nh4 g5 13.
f4 gxh4 14. f5 Kh7 15. Qd2 Neg8 16. fxe6 fxe6 17. gxh4 Rf7 18. Qe2 Raf8 19. Be3 Ne7 20. h5 Qe8 21. Bh3 Nxh5 22. Bxe6 Rg7+ 23. Kh1 Nf4 24. Bxf4 Rxf4 25. Rxf4 exf4 26. e5 Qc6+ 27. Bd5 Nxd5 28. Qe4+
Kh8 29. cxd5 Qxc3 30. Re1 Qxe5 31. Qxe5 dxe5 32. Rxe5 Kh7 33. Rf5 Rd7 34. Rxf4 Kg6 35. Rc4 Kf5 36. d6 c6 37. Rd4 Ke5 38. Re4+ Kd5 39. Kg2 a6 40. Kf3 Rxd6 41. Re7 b5 42.
Ra7 Kd4 43. Rxa6 Kxd3 44. a4 bxa4 45. Rxa4 c5 46. Ra3+ Kd4 47. Ke2 Rg6 48. Rh3 c4 49. Kd2 Rg2+ 50. Kc1 Rf2 51. Rxh6 Kc3 52. Rh3+ Kb4 53. Rg3 Rxh2 54. Rf3 Rh1+ 55. Kc2 Ra1 56. Kb2 Ra8 57. Rh3 Rd8 58. Kc2 Rg8 59. Rf3 Rg1 60. Kb2 Rg2+ 61. Kc1 Ra2 62. Kb1 Re2 63. Kc1 Kc5 64. Rh3 Kd4 65. Rh4+ Kc3 66. Rh3+ Kb4 67. Rg3 Rh2 68. Rf3 c3 69. Rf8 1/2-1/2

[Event "Blitz tournament"]
[Site "Biel, Switzerland"]
[Date "2021.07.31"]
[Round "8.1"]
[White "Kamsky, Gata"]
[Black "Alekseenko, Kirill"]
[Result "1/2-1/2"]
[ECO "D02"]
[WhiteElo "2644"]
[BlackElo "2580"]
[PlyCount "40"]
[EventDate "2021.??.??"]
[EventType "blitz"]
[TimeControl "3+2"]
[WhiteClock "0:02:22"]
[BlackClock "0:01:37"]

1. d4 d5 2. Bf4 Nf6 3. e3 e6 4. Nf3 c5 5. c3 Nc6 6. Nbd2 Be7 7. Ne5 O-O 8. Bd3 Nd7 9. Nxd7 Bxd7 10. O-O c4 11. Be2 f5 12. a4 a6 13. h3 b5 14. b4 Qb6 15. a5 Qd8 16. Rb1 Be8 17. Nf3 Bh5 18. Ne5 Nxe5 19. Bxe5 Bxe2 20. Qxe2 Bf6 1/2-1/2

[Event "Blitz tournament"]
[Site "Biel, Switzerland"]
[Date "2021.07.31"]
[Round "8.3"]
[White "Gelfand, Boris"]
[Black "Lagarde, Maxime"]
[Result "0-1"]
[ECO "A81"]
[WhiteElo "2691"]
[BlackElo "2630"]
[PlyCount "57"]
[EventDate "2021.??.??"]
[EventType "blitz"]
[TimeControl "3+2"]
[WhiteClock "0:00:11"]
[BlackClock "0:00:07"]

1. d4 f5 2. g3 Nf6 3. Bg2 g6 4. Nf3 Bg7 5. O-O O-O 6. a4 a5 7. c3 b6 8. Ne5 d5 9. Nd2 e6 10. Ndf3 Ne4 11. h4 Nd7 12. Bf4 Ndf6 13. Qc1 Ba6 14. Re1 c5 15. Bh6 Rc8 16. Bxg7 Kxg7 17. Ng5 Qd6 18. Qe3 h6 19. Nh3 cxd4 20. Qxd4 Kh7 21. Bxe4 Nxe4 22. Nf4 g5 23. hxg5 hxg5 24. Nfg6 Rg8 25. Kg2 Rxg6 26. Rh1+ Kg7 27. Rh2 Nf6 28. Rah1 Qc5 29. Qd2 0-1

[Event "Blitz tournament"]
[Site "Biel, Switzerland"]
[Date "2021.07.31"]
[Round "8.4"]
[White "Nihal, Sarin"]
[Black "Keymer, Vincent"]
[Result "0-1"]
[ECO "A01"]
[WhiteElo "2658"]
[BlackElo "2474"]
[PlyCount "100"]
[EventDate "2021.??.??"]
[EventType "blitz"]
[TimeControl "3+2"]
[WhiteClock "0:00:10"]
[BlackClock "0:00:08"]

1. b3 d5 2. Bb2 c6 3. d3 Bg4 4. Nd2 Nd7 5. h3 Bh5 6. Ngf3 Ngf6 7. g4 Bg6 8.
Nh4 e5 9. e3 Bd6 10. Bg2 Nc5 11. Nxg6 hxg6 12. Qe2 Ne6 13. a3 Qe7 14. c4 a5 15. h4 g5 16. hxg5 Rxh1+ 17. Bxh1 Nxg5 18. cxd5 cxd5 19. Nf3 Nxf3+ 20. Qxf3 Rc8 21. g5 Nd7 22. Rc1 Rxc1+ 23. Bxc1 Qxg5 24. Bd2 Nf6 25. Qh3 Ke7 26. Bxa5 e4 27. dxe4 dxe4 28. Bc3 Qg1+ 29. Qf1 Qg5 30. Qh3 Nd5 31. Bd2 f5 32. b4 Be5 33. Qg2 Qh6 34. Qf1 Kf6 35. Bg2 Qh2 36. Qh1 Qxh1+ 37. Bxh1 Bb2 38. a4 Bc3 39. Bxc3+ Nxc3 40. a5 Ke5 41. f3 Kd5 42. Kd2 Kc4 43. fxe4 Nxe4+ 44. Ke2 Ng3+ 45. Kf3 Nxh1 46. Kf4 g6 47. Kg5 Kxb4 48. Kxg6 Ng3 49. Kg5 Kxa5 50. Kf4 Nf1 0-1

[Event "Blitz tournament"]
[Site "Biel, Switzerland"]
[Date "2021.07.31"]
[Round "9.1"]
[White "Nihal, Sarin"]
[Black "Kamsky, Gata"]
[Result "1-0"]
[ECO "D02"]
[WhiteElo "2658"]
[BlackElo "2644"]
[PlyCount "76"]
[EventDate "2021.??.??"]
[EventType "blitz"]
[TimeControl "3+2"]
[WhiteClock "0:00:26"]
[BlackClock "0:00:09"]

1. d4 d5 2. Nf3 Nf6 3. Bf4 e6 4. e3 Bd6 5. Bg3 O-O 6. Nbd2 c5 7. c3 Qc7 8. dxc5 Qxc5 9. Bd3 Nbd7 10. e4 dxe4 11. Nxe4 Nxe4 12. Bxe4 Bxg3 13. hxg3 Nf6 14. Qe2 a5 15. Ne5 h6 16. Bf3 Nd7 17. Nd3 Qc7 18. Qe3 Ra6 19. O-O b5 20. Rfd1 Bb7 21. Bxb7 Qxb7 22. Rd2 Rc8 23. Rad1 b4 24. Nxb4 axb4 25. Rxd7 Rc7 26. Rd8+ Kh7 27. Rf8 bxc3 28. bxc3 Rxa2 29. Qd3+ f5 30. Qd8 Re7 31. Rf1 Qd7 32. Rh8+ Kg6 33. Qg8 Rf7 34. Re1 Kf6 35. Qb8 Qc7 36. Qb4 e5 37. Qh4+ Kg6 38. g4 fxg4 1-0

[Event "Blitz tournament"]
[Site "Biel, Switzerland"]
[Date "2021.07.31"]
[Round "9.2"]
[White "Keymer, Vincent"]
[Black "Gelfand, Boris"]
[Result "1/2-1/2"]
[ECO "A34"]
[WhiteElo "2474"]
[BlackElo "2691"]
[PlyCount "84"]
[EventDate "2021.??.??"]
[EventType "blitz"]
[TimeControl "3+2"]
[WhiteClock "0:00:08"]
[BlackClock "0:00:07"]

1. Nf3 c5 2. c4 Nf6 3. Nc3 Nc6 4. g3 d5 5. d4 cxd4 6. Nxd4 dxc4 7. Nxc6 Qxd1+ 8. Nxd1 bxc6 9. Bd2 Rb8 10. f3 e5 11. e4 Be6 12. Rc1 c3 13. Rxc3 Bb4 14. Rxc6 Bxd2+ 15. Kxd2 Bxa2 16. Ra6 Bb3 17. Nc3 O-O 18. Rxa7 Rfd8+ 19. Ke3 Nd7 20. Bb5 Nc5 21. Rc1 Be6 22. b4 Nb3 23. Rb1 h6 24. h4 Kh8 25. Bd3 Rxb4 26. Nd5 Rbb8 27. f4 exf4+ 28. gxf4 Nc5 29. Rxb8 Rxb8 30. Bc4 f5 31. exf5 Bxf5 32. Kd4 Nd7 33. Ne7 Bg4 34. Ng6+ Kh7 35. Bd3 Nf6 36. Ne5+ Kh8 37. Ng6+ Kg8 38. Ne5 Rd8+ 39. Ke3 Nd5+ 40. Ke4 Nf6+ 41. Ke3 Nd5+ 42. Ke4 Nf6+ 1/2-1/2

[Event "Blitz tournament"]
[Site "Biel, Switzerland"]
[Date "2021.07.31"]
[Round "9.4"]
[White "Studer, Noël"]
[Black "Alekseenko, Kirill"]
[Result "0-1"]
[ECO "D22"]
[WhiteElo "2451"]
[BlackElo "2580"]
[PlyCount "60"]
[EventDate "2021.??.??"]
[EventType "blitz"]
[TimeControl "3+2"]
[WhiteClock "0:00:04"]
[BlackClock "0:00:32"]

1. d4 d5 2. c4 dxc4 3. Nf3 a6 4. e3 Bg4 5. Bxc4 e6 6. Nc3 Nc6 7. O-O Nf6 8. Re1 Be7 9. h3 Bh5 10. a3 O-O 11. g4 Bg6 12. e4 b5 13.
Bf1 b4 14. axb4 Bxb4 15. Bg5 Ne7 16. Bxf6 gxf6 17. Rxa6 Rxa6 18. Bxa6 Qa8 19. Bd3 Rd8 20. h4 h5 21. g5 fxg5 22. hxg5 c5 23. Qb3 Qb8 24. Rd1 Qf4 25.
Be2 h4 26. Nb5 Bxe4 27. Qe3 Qg4+ 28. Kh2 Nd5 29. Qb3 c4 30. Rg1 Qf4+ 0-1